 Dungeon Crawl Stone Soup version 0.25-a0-96-g4073cf80fb (webtiles) character file.

Game seed: 12144154962322781937, levelgen mode: deterministic

271 vurker the Magician (level 6, -1/44 HPs)
             Began as a Mummy Fire Elementalist on Nov 11, 2019.
             Slain by a worker ant (6 damage)
             ... on level 3 of the Dungeon.
             The game lasted 00:06:05 (4486 turns).

vurker the Magician (Mummy Fire Elementalist)       Turns: 4486, Time: 00:06:05

Health: -1/44      AC:  3    Str: 12    XL:     6   Next: 2%
Magic:  1/13       EV: 12    Int: 16    God:
Gold:   299        SH:  0    Dex: 12    Spells: 6/14 levels left

rFire    x . .     SeeInvis .   c - +0 dagger
rCold    + . .     Gourm    .   (no shield)
rNeg     + + +     Faith    .   a - +0 robe
rPois    ∞         Spirit   .   (no helmet)
rElec    .         Reflect  .   (no cloak)
rCorr    .         Harm     .   b - +0 pair of gloves
MR       .....                  (no boots)
Stlth    ++........             (no amulet)
HPRegen  0.14/turn              (no ring)
MPRegen  0.13/turn              (no ring)

@: no status effects
A: no food or potions, fire vulnerability, cold resistance 1, negative energy
resistance 3, torment resistance, unbreathing
a: no special abilities


You were on level 3 of the Dungeon.
You were not hungry.

You visited 1 branch of the dungeon, and saw 4 of its levels.

You collected 299 gold pieces.

Inventory:

Hand Weapons
 c - a +0 dagger (weapon)
   (You took it off a goblin on level 1 of the Dungeon)
Armour
 a - a +0 robe (worn)
 b - a +0 pair of gloves (worn)
   (You found it on level 1 of the Dungeon)
Scrolls
 d - a scroll of noise {unknown}
 e - a scroll of enchant weapon
 f - a scroll of magic mapping
 g - a scroll of blinking
 h - a scroll of teleportation
 i - 2 scrolls of remove curse
 j - a scroll of enchant armour


   Skills:
 + Level 1.9 Fighting
 - Level 1.5 Dodging
 - Level 1.5 Stealth
 * Level 4.6 Spellcasting
 * Level 2.6 Conjurations
 * Level 3.6 Fire Magic


You had 6 spell levels left.
You knew the following spells:

 Your Spells              Type           Power        Failure   Level  Hunger
a - Flame Tongue          Conj/Fire      ##...        4%          1    N/A
c - Conjure Flame         Conj/Fire      ##......     13%         3    N/A
q - Sticky Flame          Conj/Fire      ##......     41%         4    N/A

Your spell library contained the following spells:

 Spells                   Type           Power        Failure   Level  Hunger
 Magic Dart               Conj           ##..         5%          1    N/A
 Throw Flame              Conj/Fire      ##....       7%          2    N/A
 Inner Flame              Hex/Fire       #.......     22%         3    N/A
 Blink                    Tloc           N/A          24%         2    N/A
 Call Imp                 Summ           #.......     24%         2    N/A
 Slow                     Hex            #.......     24%         2    N/A
 Mephitic Cloud           Conj/Pois/Air  #.......     32%         3    N/A
 Fireball                 Conj/Fire      ##........   77%         5    N/A

Dungeon Overview and Level Annotations

Branches:
Dungeon (4/15)
 Temple: D:4-7

Altars:
Dithmenos
Ru

Annotations:
D:2 1 runed translucent door, Crazy Yiuf


Innate Abilities, Weirdness & Mutations

You do not eat or drink.
Your flesh is vulnerable to fire.
You are immune to poison.
Your flesh is cold resistant. (rC+)
You are immune to negative energy. (rN+++)
You are immune to unholy pain and torment.
You can survive without breathing.


Message History

The flame tongue misses the worker ant.
The worker ant misses you. x2
You don't have enough magic to cast that spell.
The worker ant bites you.
An adder comes into view.
The worker ant bites you but does no damage.
You see here a stone.
There is a stone staircase leading up here.
The worker ant barely misses you.
The worker ant bites you but does no damage.
You climb upwards.
There is a stone staircase leading down here.
Aim: a worker ant The flame tongue hits the worker ant!
The worker ant bites you.
You don't have enough magic to cast that spell.
You barely miss the worker ant. The worker ant barely misses you.
You hit the worker ant but do no damage.
The worker ant closely misses you.
You hit the worker ant but do no damage.
The worker ant closely misses you.
You barely miss the worker ant. The worker ant bites you. x2
* * * LOW HITPOINT WARNING * * *
Your magical contamination has completely faded away.
The worker ant bites you.
* * * LOW HITPOINT WARNING * * *
The worker ant bites you.
* * * LOW HITPOINT WARNING * * *
Aim: a worker ant (heavily wounded)
The flame tongue hits the worker ant.
The worker ant bites you.
* * * LOW HITPOINT WARNING * * *
Aim: a worker ant (severely wounded)
The flame tongue hits the worker ant but does no damage.
The worker ant bites you.
* * * LOW HITPOINT WARNING * * *
You aren't carrying any items that you can evoke.
Unknown command.
You barely miss the worker ant. The worker ant completely misses you.
You hit the worker ant but do no damage.
The worker ant bites you but does no damage.
You hit the worker ant.
The worker ant bites you but does no damage.
The worker ant closely misses you.
You hit the worker ant but do no damage.
The worker ant misses you.
You closely miss the worker ant. The worker ant barely misses you.
You closely miss the worker ant. The worker ant closely misses you.
You hit the worker ant but do no damage.
The worker ant bites you.
* * * LOW HITPOINT WARNING * * *
You closely miss the worker ant. The worker ant bites you.
You die...

#......P...#.).#....##...
#...8......#...#....##...
#..........#...#....###†#
#..........#.#.#....# #.#
###.########.#......# #.#
#.# #.#..##..# #.# #.#
#.......(#####
#.###########..#.......
#.....@a......>#.####..
##############...# #..
##### #.. #.. #.. ###


You could see a worker ant.

Vanquished Creatures
  A howler monkey (D:4)
  A hound (D:4)
  A bullfrog skeleton (D:4)
  An orc priest (D:3)
  4 adders
  An adder zombie (D:3)
  An ooze (D:1)
  2 adder skeletons (D:3)
  2 worms
  4 dart slugs
  2 leopard geckos
  3 orcs
  7 bats
  2 giant cockroaches (D:4)
  13 goblins
  7 hobgoblins
  3 jackals (D:4)
  2 quokkas
  A ball python (D:2)
  3 frilled lizards
  9 kobolds
  A leopard gecko zombie (D:3)
  10 rats
81 creatures vanquished.

Notes
Turn   | Place    | Note
-------+----------+-------------------------------------------
     0 | D:1      | vurker the Mummy Fire Elementalist began the quest for the
                  | Orb.
     0 | D:1      | Reached XP level 1. HP: 13/13 MP: 4/4
    70 | D:1      | Reached skill level 1 in Conjurations
   132 | D:1      | Reached skill level 3 in Spellcasting
   132 | D:1      | Reached XP level 2. HP: 4/19 MP: 3/6
   780 | D:1      | Reached XP level 3. HP: 25/25 MP: 4/7
  1432 | D:2      | Found a shadowy altar of Dithmenos.
  1915 | D:2      | Reached skill level 1 in Fighting
  2092 | D:2      | Found a runed translucent door.
  2093 | D:2      | Noticed Crazy Yiuf
  2420 | D:3      | Reached XP level 4. HP: 25/32 MP: 3/9
  3427 | D:3      | Reached skill level 4 in Spellcasting
  3586 | D:3      | Found a sacrificial altar of Ru.
  3895 | D:4      | Reached XP level 5. HP: 32/37 MP: 4/11
  4155 | D:4      | Learned a level 4 spell: Sticky Flame
  4159 | D:4      | Learned a level 3 spell: Conjure Flame
  4445 | D:4      | Reached XP level 6. HP: 39/44 MP: 10/12
  4486 | D:3      | Slain by a worker ant

Levels and vault maps discovered:
D:1:      lightli_arrival_flooded_house, layout_rooms
D:2:      layout_loops_corners, marbit_many_paths, hangedman_decor_riveting,
          nrook_campfire, minmay_crystal_room, uniq_crazy_yiuf_cottage
D:3:      minmay_spotlight, layout_basic, first_ration, serial_undead,
          serial_undead_c, serial_undead_d, serial_undead_e, serial_undead_c,
          chequers_jeans, nicolae_ru_path_of_blood
D:4:      minmay_goblin_kobold_castle, layout_rooms, ebering_ghost_sewer_f,
          chequers_serial_rivers_small_a, grunt_ministairs_6, hex_intersection

Skill      XL: |  1  2  3  4 |
---------------+-------------+-----
Conjurations   | 1 2 |  2.6
Spellcasting   | 3 4 |  4.6
Fighting       | 1 |  1.9
Fire Magic     | 3 |  3.6
Dodging        | |  1.5
Stealth        | |  1.5

Action                   |  1- 3 |  4- 6 || total
-------------------------+-------+-------++-------
Melee: Dagger            |     4 |    66 ||    70
 Cast: Flame Tongue      |    80 |    95 ||   175
  Use: Scroll            |     3 |     3 ||     6
Armor: Robe              |     6 |    24 ||    30
Dodge: Dodged            |    29 |    83 ||   112

Table legend:
 A = Non-vault XP
 B = Vault XP
 C = Vault XP percentage of total XP
 D = Non-vault monster count
 E = Vault monster count
 F = Vault count percentage of total count
                 A         B        C        D         E       F
            +---------+---------+-------+---------+---------+-------
      Total |     315 |      73 |  18.8 |      67 |      14 |  17.3
            +---------+---------+-------+---------+---------+-------
        D:1 |      42 |       0 |   0.0 |      20 |       0 |   0.0
        D:2 |      43 |       1 |   2.3 |      16 |       1 |   5.9
        D:3 |     116 |      25 |  17.7 |      22 |      10 |  31.2
        D:4 |     114 |      47 |  29.2 |       9 |       3 |  25.0
            +---------+---------+-------+---------+---------+-------
